AoeStats
← YellowHaze

Arena

509085483Analyzed
4v4 RM · 6d ago on Sep 25, 2026· 79m 36s· 8 players
Game mode
Random Map
Map size
Large (8 player)
Population
200
Speed
Normal
Resources
Standard
Victory
Conquest
Starting age
Dark Age
Ending age
Imperial Age
RankedLock teamsTeams togetherTeam positionsShared explorationLock speedFull tech treeHidden civsTurbo modeCheats
Victory
Defeat
🇹🇷 Franks · Türkiye
914
+15
🇫🇷 Romans · France
901
+15
🇩🇪 Vietnamese · Germany
897
+15
🇧🇷 Varangians · Brazil
799
+19
🇲🇾 Khmer · Malaysia
908
-17
🇵🇰 Mongols · Pakistan
901
-17
🇻🇳 Bengalis · Vietnam
860
-15
🇨🇳 Teutons · China
846
-15
Blues_1111
8:10 Loom
11:38 Feudal Age
12:31 Double-Bit Axe
17:45 Castle Age
19:56 Bow Saw
22:08 Gold Mining
23:31 Gold Shaft Mining
23:45 Forging
24:03 Pikeman
27:47 Wheelbarrow
30:52 Ballistics
30:43 Horse Collar
35:14 Imperial Age
42:04 Hand Cart
42:12 Hand Cart
49:12 Heavy Scorpion
52:07 Double Crossbow
55:17 Heavy Plow
60:41 Hand Cart
76:29 Scale Barding Armor
78:09 Crop Rotation
nm18
9:41 Loom
11:27 Feudal Age
16:15 Castle Age
14:41 Double-Bit Axe
14:37 Horse Collar
17:31 Bow Saw
17:32 Heavy Plow
26:29 Wheelbarrow
25:40 Town Watch
25:46 Gold Mining
25:47 Stone Mining
28:04 Hand Cart
32:19 Imperial Age
30:27 Gold Shaft Mining
33:53 Fletching
34:04 Padded Archer Armor
34:27 Ballistics
35:08 Chemistry
35:05 Conscription
34:42 Bodkin Arrow
35:04 Leather Archer Armor
35:00 Town Patrol
34:46 Elite Elephant Archer
35:28 Bracer
37:05 Fortified Wall
37:06 Masonry
37:52 Ring Archer Armor
37:33 Forging
37:29 Scale Barding Armor
37:56 Guilds
38:17 Coinage
37:48 Caravan
38:52 Two-Man Saw
38:24 Crop Rotation
37:30 Elite Battle Elephant
38:11 Husbandry
38:22 Bloodlines
39:37 Architecture
39:03 Murder Holes
40:42 Iron Casting
40:28 Chain Barding Armor
40:57 Banking
43:27 Guard Tower
44:39 Blast Furnace
44:15 Plate Barding Armor
49:25 Paiks
49:22 Light Cavalry
51:59 Mahayana
54:59 Scale Mail Armor
74:35 Siege Elephant
YellowHaze
5:36 Loom
11:10 Feudal Age
15:19 Castle Age
13:58 Double-Bit Axe
16:13 Horse Collar
18:47 Bow Saw
18:51 Stone Mining
25:06 Wheelbarrow
26:30 Gold Mining
26:59 Fletching
30:48 Imperial Age
30:40 Hand Cart
30:56 Town Watch
31:09 Bodkin Arrow
32:53 Heavy Plow
34:17 Bloodlines
34:08 Husbandry
35:10 Elite Mangudai
35:54 Padded Archer Armor
37:07 Parthian Tactics
37:06 Ballistics
37:14 Conscription
36:57 Light Cavalry
37:44 Bracer
38:40 Gold Shaft Mining
38:50 Drill
39:48 Chemistry
39:37 Onager
40:19 Hussar
41:33 Forging
41:39 Leather Archer Armor
43:58 Siege Onager
51:59 Thumb Ring
54:42 Scale Barding Armor
56:30 Iron Casting
56:16 Chain Barding Armor
60:50 Blast Furnace
seanliang22
2:27 Loom
11:14 Feudal Age
12:03 Double-Bit Axe
14:12 Wheelbarrow
14:59 Horse Collar
21:32 Castle Age
19:31 Gold Mining
20:17 Stone Mining
23:01 Bow Saw
23:07 Heavy Plow
24:20 Stone Shaft Mining
25:39 Hand Cart
25:48 Hand Cart
27:24 Forging
27:14 Scale Mail Armor
27:25 Squires
27:12 Arson
26:49 Pikeman
34:13 Imperial Age
35:02 Masonry
35:26 Conscription
34:28 Elite Teutonic Knight
35:07 Halberdier
37:37 Two-Man Saw
40:52 Crenellations
41:06 Bloodlines
40:17 Cavalier
41:08 Scale Barding Armor
41:39 Iron Casting
41:20 Chain Mail Armor
42:14 Crop Rotation
42:15 Chain Barding Armor
48:29 Paladin
78:17 Blast Furnace
77:20 Padded Archer Armor
Ajadan43
9:49 Loom
12:31 Feudal Age
13:03 Double-Bit Axe
13:00 Horse Collar
22:10 Castle Age
22:58 Wheelbarrow
25:12 Fletching
25:23 Padded Archer Armor
28:05 Gold Mining
28:07 Stone Mining
28:16 Bodkin Arrow
28:46 Bow Saw
28:39 Heavy Plow
29:02 Hand Cart
28:34 Town Watch
31:22 Leather Archer Armor
31:18 Forging
30:34 Elite Skirmisher
33:42 Murder Holes
33:57 Fortified Wall
36:52 Imperial Age
36:43 Thumb Ring
38:53 Chemistry
38:14 Ballistics
38:13 Imperial Skirmisher
41:00 Town Patrol
41:04 Bracer
41:36 Ring Archer Armor
44:14 Two-Man Saw
43:46 Crop Rotation
44:03 Squires
43:23 Pikeman
43:49 Arson
45:23 Paper Money
45:25 Scale Mail Armor
46:01 Iron Casting
48:02 Halberdier
50:22 Chain Mail Armor
60:28 Siege Engineers
Léodagan
0:30 Loom
12:08 Feudal Age
16:14 Castle Age
14:18 Double-Bit Axe
15:15 Horse Collar
17:36 Man-at-Arms
19:03 Scale Mail Armor
24:37 Wheelbarrow
25:01 Bow Saw
27:45 Heavy Plow
29:42 Fletching
29:53 Padded Archer Armor
31:46 Elite Skirmisher
34:53 Ballistics
36:04 Bodkin Arrow
36:49 Stone Mining
36:54 Gold Mining
38:02 Leather Archer Armor
39:33 Gold Shaft Mining
42:32 Imperial Age
41:26 Hand Cart
41:35 Chain Mail Armor
41:31 Forging
41:20 Murder Holes
41:39 Fortified Wall
41:26 Murder Holes
41:17 Pikeman
41:58 Squires
41:27 Light Cavalry
42:18 Bloodlines
42:54 Husbandry
43:03 Scale Barding Armor
43:53 Crop Rotation
43:33 Halberdier
46:10 Chemistry
45:19 Ballistas
45:44 Conscription
45:22 Heavy Scorpion
47:05 Ring Archer Armor
46:00 Imperial Skirmisher
49:15 Iron Casting
49:12 Capped Ram
50:56 Siege Engineers
50:18 Siege Ram
52:25 Blast Furnace
51:46 Chain Barding Armor
54:49 Imperial Skirmisher
57:06 Plate Barding Armor
60:02 Cavalier
60:36 Long Swordsman
61:31 Masonry
Hidalgo
10:37 Feudal Age
16:19 Castle Age
15:07 Double-Bit Axe
21:29 Gold Mining
22:41 Fletching
28:46 Imperial Age
26:52 Fletching
26:56 Stone Mining
27:57 Ballistics
30:09 Forging
29:55 Bodkin Arrow
30:39 Scale Barding Armor
35:18 Chemistry
34:22 Cavalier
35:03 Husbandry
35:56 Iron Casting
37:48 Blast Furnace
36:40 Pikeman
37:21 Squires
37:06 Arson
39:25 Chain Barding Armor
43:18 Gold Shaft Mining
47:19 Paladin
55:19 Plate Barding Armor
62:18 Light Cavalry
66:04 Halberdier
67:46 Scale Mail Armor
69:47 Wheelbarrow
72:23 Elite Skirmisher
74:34 Imperial Skirmisher
75:50 Padded Archer Armor
Will Rossi
4:59 Loom
11:19 Feudal Age
11:47 Horse Collar
11:53 Double-Bit Axe
14:44 Gold Mining
14:45 Stone Mining
22:17 Castle Age
20:50 Forging
21:15 Bloodlines
21:52 Scale Barding Armor
24:10 Iron Casting
23:37 Husbandry
24:17 Chain Barding Armor
31:11 Imperial Age
29:28 Heavy Plow
29:49 Fervor
30:43 Vendel Legacy
31:28 Cavalier
33:11 Blast Furnace
40:16 Plate Barding Armor
76:17 Light Cavalry
79:11 Hussar
Connection lost

Rejoining the realm…

Still unreachable

The connection could not be restored.

Session expired

The server has moved on; the page needs a fresh start.